[Event "17th Paracin Open 2024"]
[Site "Paracin"]
[Date "2024.07.06"]
[Round "4.1"]
[White "Fier, Alexandr"]
[Black "Ben Ari, Yannay"]
[Result "1/2-1/2"]
[ECO "E48"]
[WhiteElo "2602"]
[BlackElo "2443"]
[Annotator "TA"]
[PlyCount "71"]
[EventDate "2024.07.02"]
[EventType "swiss"]
[EventCountry "SRB"]
[SourceTitle "playchess.com"]
[Source "ChessBase"]
[SourceQuality "1"]
[TimeControl "5400+30"]

1. d4 Nf6 2. c4 e6 3. Nc3 Bb4 4. e3 O-O 5. Bd3 d5 6. cxd5 exd5 7. a3 Bd6 8. Qc2 b6 9. Nb5 c5 10. Nxd6 Qxd6 11. b3 Nc6 12. Ne2 Bg4 13. f3 Bh5 14. O-O Rfe8 15. Bd2 {[%emt 0:03:12] Rac1 would now be deadly.} cxd4 16. Nxd4 Nxd4 17. exd4 Bg6 18. Bxg6 hxg6 19. Qd3 Nh5 20. Bb4 (20. a4 $11) 20... Qd7 (20... Nf4 $15 21. Bxd6 Nxd3) 21. Rae1 Nf4 22. Qd2 Qf5 (22... g5 $15 23. Qd1 Rac8) 23. Bd6 $11 g5 24. h4 Ne6 25. hxg5 Nxg5 (25... Qxg5 {simplifies} 26. Qxg5 Nxg5 27. Rxe8+ Rxe8 28. a4 Ne6) 26. Bf4 {[%emt 0:02:35] The position is equal.} Rxe1 27. Rxe1 Ne6 28. Be5 Rc8 29. Rc1 {[%emt 0:00:04] Prevents Rc2} Rxc1+ 30. Qxc1 {[%emt 0:00:02][%mdl 4096] Endgame. KQB-KQN} Qd3 31. Qc8+ Kh7 32. Qd7 Qe3+ 33. Kh2 Qh6+ 34. Kg1 Qe3+ 35. Kh2 Qh6+ 36. Kg1 {[%emt 0:00:03] Weighted Error Value: White=0.14 (very precise) /Black=0.11 (very precise) .  Mistake:       	White=1     	Black=2      Inaccurate:     	White=4     	Black=2      OK:         	White=9     	Black=9      Best:        	White=2     	Black=1} 1/2-1/2

[Event "17th Paracin Open 2024"]
[Site "Paracin"]
[Date "2024.07.06"]
[Round "4.2"]
[White "Mardov, Dimitar"]
[Black "Wang, Yanbin"]
[Result "1-0"]
[ECO "D38"]
[WhiteElo "2484"]
[BlackElo "2423"]
[Annotator "TA"]
[PlyCount "81"]
[EventDate "2024.07.02"]
[EventType "swiss"]
[EventCountry "SRB"]
[SourceTitle "playchess.com"]
[Source "ChessBase"]
[SourceQuality "1"]
[TimeControl "5400+30"]

1. d4 Nf6 2. Nf3 e6 3. c4 d5 4. Nc3 Bb4 5. Qa4+ Nc6 6. e3 O-O 7. Qc2 Re8 8. Bd2 Bf8 9. a3 {[%emt 0:01:22] White has an edge.} e5 10. dxe5 Nxe5 11. cxd5 Nxf3+ 12. gxf3 Nxd5 13. O-O-O Nxc3 14. Bxc3 Qh4 15. Bd3 (15. Rg1 {feels hotter.} Be6 16. Rg3 Rad8 17. Bd3) 15... Be6 16. f4 (16. Rhg1 {with more complications.} Rad8 17. Rg3 Rd7 18. Rdg1) 16... Bg4 17. Rde1 {[%emt 0:08:00] aiming for Rhg1.} Bd7 (17... Be6 $14) 18. Rhg1 $1 $16 Kh8 (18... Re6 $16) 19. Rg3 $1 $18 Rad8 20. Reg1 {[%emt 0:01:51][%cal Rg3g7] White wants to mate with Rxg7.} f6 21. Bf5 c6 22. Bxd7 Rxd7 23. Qf5 Rd6 (23... Rd5 24. Qxf6 Qxf6 (24... Qxg3 $2 25. Rxg3 gxf6 26. Bxf6+ $18) 25. Bxf6 Rd7) 24. Rh3 Rd5 {[%emt 0:00:06] [#]} 25. Be5 $1 Qxh3 26. Qxh3 fxe5 27. Qh5 Re7 28. f5 $40 {[%emt 0:02:49][%cal Bf4f5,Bf5f6][%mdl 160] White goes for the king.} e4 29. Rg4 {[%emt 0:04:53] Threatens to win with Rh4.} Kg8 30. Rf4 Rc5+ 31. Kb1 Rf7 32. Qg4 {[%emt 0:01:31][%cal Of5f6] Hoping for f6!} (32. Rxe4 $6 Rcxf5 33. Qg4 Rxf2 $16) 32... Bd6 {[%emt 0:01:02] [#]} (32... Rf6 $142 33. h4 (33. Rxe4 Rcxf5 34. f4 g6 $18) 33... Bd6 34. Rxe4 Bf8) 33. f6 $1 Rb5 (33... Bxf4 $2 34. Qc8+ Rf8 35. Qe6+ Kh8 36. Qe7 $18 (36. exf4 gxf6 37. Qe7 Kg8 $18) (36. fxg7+ Kxg7 37. Qe7+ Rf7 $18)) (33... g6 34. Qc8+) 34. Qc8+ Bf8 35. Qe6 {[%emt 0:00:35] Intending fxg7 and mate.} ({Less strong is} 35. Rxe4 Rxf6 36. f4 Rf7 $18) 35... g6 36. Qxe4 {[%emt 0:02:24] And now Qe8 would win.} (36. Rxe4 Rf5 37. Rf4 Rxf4 38. exf4 a6) 36... Bxa3 (36... Rd5 $142 37. Qc4 Rh5) 37. Qe8+ Rf8 38. Qe6+ {[%emt 0:00:12] White mates.} Rf7 39. Rd4 Rxb2+ 40. Ka1 Rxf2 {[%emt 0:00:31] [#]} 41. Rd8+ $1 {[%emt 0:00:08] Weighted Error Value: White=0.04 (flawless) /Black=0.42.  Mistake:       	---       	Black=5      Inaccurate:     	White=1     	Black=3      OK:         	White=15    	Black=12     Best:        	White=4     	Black=5      Strong:       	White=3     	---} 1-0

[Event "17th Paracin Open 2024"]
[Site "Paracin"]
[Date "2024.07.06"]
[Round "4.3"]
[White "Bryakin, Mikhail"]
[Black "Xu, Junwei"]
[Result "0-1"]
[ECO "E18"]
[WhiteElo "2469"]
[BlackElo "2138"]
[Annotator "RC"]
[PlyCount "112"]
[EventDate "2024.07.02"]
[EventType "swiss"]
[EventCountry "SRB"]
[SourceTitle "playchess.com"]
[Source "ChessBase"]
[SourceQuality "1"]
[TimeControl "5400+30"]

1. d4 Nf6 2. c4 e6 3. Nf3 b6 4. g3 Bb7 5. Bg2 Be7 6. Nc3 Ne4 7. Bd2 O-O 8. O-O d5 9. cxd5 exd5 10. Rc1 c5 11. dxc5 Nxc5 12. Be3 Nba6 13. Nd4 Qd7 14. Qc2 Rfd8 15. Nf5 Bf6 16. Bd4 Bxd4 17. Nxd4 Rac8 18. Qf5 Ne6 19. Nxe6 fxe6 20. Qe5 Rc5 21. Bh3 Re8 22. Rfd1 Nb8 23. b4 Rc4 24. b5 Qe7 25. Nb1 Rxc1 26. Rxc1 Nd7 27. Qh5 Nf6 28. Qe5 Nd7 29. Qe3 Qd6 30. Qa3 Nc5 31. Bg2 a6 32. Nc3 Rc8 33. bxa6 Bxa6 34. Qb2 Qc6 35. Rb1 Nd7 36. Qa3 Bc4 37. Qe7 Nf8 38. h4 Qc5 39. Qb7 b5 40. Nxb5 Bxe2 41. a4 Rd8 42. Re1 Bc4 43. Bf1 Rd7 44. Qb8 Rf7 45. Re3 Bxf1 46. Nd6 d4 47. Re1 Bh3 48. Kh2 Rd7 49. Ne4 Qf5 50. f3 d3 51. Nd2 Qa5 52. Qf4 Bf5 53. h5 Rd4 54. Qe3 Rxa4 55. g4 Bxg4 56. fxg4 Rxg4 0-1

[Event "17th Paracin Open 2024"]
[Site "Paracin"]
[Date "2024.07.06"]
[Round "4.4"]
[White "Akbas, Umut Ata"]
[Black "Safarli, Eltaj"]
[Result "1/2-1/2"]
[ECO "E32"]
[WhiteElo "2437"]
[BlackElo "2595"]
[Annotator "TA"]
[PlyCount "32"]
[EventDate "2024.07.02"]
[EventType "swiss"]
[EventCountry "SRB"]
[SourceTitle "playchess.com"]
[Source "ChessBase"]
[SourceQuality "1"]
[TimeControl "5400+30"]

1. d4 Nf6 2. c4 e6 3. Nc3 Bb4 4. Qc2 c5 5. dxc5 Bxc5 6. Nf3 O-O 7. Bg5 h6 8. Bh4 Be7 9. e3 Nc6 10. Be2 d5 {[%emt 0:00:00] White is slightly better.} 11. O-O dxc4 12. Bxc4 Nb4 13. Qe2 Nc6 14. Qc2 {[%emt 0:00:03] White is more active.} Nb4 15. Qe2 Nc6 $1 16. Qc2 Nb4 {[%emt 0:00:00] Weighted Error Value: White=0.27 (precise) /Black=0.07 (flawless) .  OK:         	White=2     	---        Best:        	---       	Black=2      Strong:       	---       	Black=1} 1/2-1/2

[Event "17th Paracin Open 2024"]
[Site "Paracin"]
[Date "2024.07.06"]
[Round "4.5"]
[White "Itgelt, Khuyagtsogt"]
[Black "Antal, Gergely"]
[Result "1/2-1/2"]
[ECO "D53"]
[WhiteElo "2411"]
[BlackElo "2580"]
[Annotator "RC"]
[PlyCount "134"]
[EventDate "2024.07.02"]
[EventType "swiss"]
[EventCountry "SRB"]
[SourceTitle "playchess.com"]
[Source "ChessBase"]
[SourceQuality "1"]
[TimeControl "5400+30"]

1. Nf3 Nf6 2. c4 e6 3. d4 d5 4. Nc3 Be7 5. Bg5 h6 6. Bh4 dxc4 7. e3 a6 8. Bxc4 b5 9. Bd3 Nbd7 10. a4 b4 11. Ne4 Bb7 12. Nxf6+ Bxf6 13. Bxf6 Qxf6 14. Rc1 c5 15. dxc5 Rc8 16. c6 Rxc6 17. Rxc6 Bxc6 18. Qc2 Bxf3 19. gxf3 O-O 20. Bxa6 Qxf3 21. O-O Qg4+ 22. Kh1 b3 23. Qxb3 Qf3+ 24. Kg1 Nc5 25. Qc4 Nxa6 26. Qxa6 Rb8 27. Qd6 Rxb2 28. Qg3 Qe4 29. Ra1 Rb1+ 30. Rxb1 Qxb1+ 31. Kg2 Qe4+ 32. Qf3 Qxa4 33. h3 Qa5 34. Qe2 Qg5+ 35. Kh2 Qe5+ 36. Kg2 f5 37. Kg1 Kh7 38. Kg2 Qd5+ 39. Kg1 Qe4 40. f4 e5 41. fxe5 Qxe5 42. Qf2 Qe4 43. Kh2 g5 44. Qd2 Qe5+ 45. Kg2 Kg6 46. Qe2 Qe4+ 47. Kh2 Qe5+ 48. Kg2 Qd5+ 49. Kg1 Qe6 50. Kg2 h5 51. Kf2 h4 52. Qd3 Qe5 53. Qa6+ Kh5 54. Qe2+ g4 55. Kf1 Kg5 56. Qd2 Kh5 57. Qe2 Kg5 58. Qd2 gxh3 59. e4+ f4 60. Qd8+ Kg4 61. Qc8+ Kg3 62. Qg8+ Kf3 63. Qb3+ Kxe4 64. Qc4+ Kf3 65. Qd3+ Qe3 66. Qd1+ Ke4 67. Qd5+ Kxd5 1/2-1/2

[Event "17th Paracin Open 2024"]
[Site "Paracin"]
[Date "2024.07.06"]
[Round "4.6"]
[White "Narayanan, Srinath"]
[Black "Tanriverdi, Enes"]
[Result "1/2-1/2"]
[ECO "E62"]
[WhiteElo "2533"]
[BlackElo "2371"]
[Annotator "TA"]
[PlyCount "80"]
[EventDate "2024.07.02"]
[EventType "swiss"]
[EventCountry "SRB"]
[SourceTitle "playchess.com"]
[Source "ChessBase"]
[SourceQuality "1"]
[TimeControl "5400+30"]

1. d4 Nf6 2. c4 g6 3. g3 Bg7 4. Bg2 O-O 5. Nc3 d6 6. Nf3 Nc6 7. d5 Na5 8. b3 $1 {[%emt 0:01:00][%mdl 4] is recently more successful than 8.Nd2.} c5 {[%emt 0:01:31] E62: King's Indian: Fianchetto: 6...c6 and Panno Variation (6...Nc6) without ...a6.} 9. Bb2 a6 10. O-O b5 11. cxb5 axb5 12. Nxb5 Qb6 13. Nc3 (13. Na3 $16) 13... Nc4 $1 $15 14. Bc1 Qb4 15. Nb1 $146 (15. Bd2 $15 {might be stronger.} Nxd2 16. Qxd2) ({Predecessor:} 15. Qd3 Ng4 16. bxc4 Qxc3 17. Rb1 Qxd3 18. exd3 Bf5 19. Rb3 Rxa2 20. h3 Ne5 21. Nxe5 Bxe5 {0-1 Cernousek,L (2460)-Chigaev,M (2588) Titled Tuesday intern op 19th May blitz 2020 (2)}) 15... Ne4 $1 $17 16. a3 Qb6 17. Ra2 Bf5 ({Black should play} 17... Rb8 $17 18. Ne5 Bxe5 (18... Nxe5 19. Bxe4 Qxb3 20. Qxb3 $15) 19. Bxe4 Qxb3 20. Qxb3 Rxb3) 18. Bf4 Nb2 $1 19. Rxb2 (19. Qc2 $2 Nxg3 $19) 19... Bxb2 20. Nh4 {[%emt 0:00:08] [#]} (20. g4 $142 Bxg4 21. Qc2) 20... Nxf2 (20... Bxa3 $6 21. Nxf5 (21. g4 $2 Nxf2 22. Kxf2 Bxb1 $17) 21... gxf5 22. Bh6 $11) (20... Rfb8 $1 $17 21. Nxf5 gxf5) 21. Rxf2 $15 Bxb1 (21... Bxa3 $2 22. Nxf5 gxf5 23. Qc2 $18) 22. Qxb1 Qxb3 (22... Bf6 $5 23. Bc1 c4 $17) 23. Nf5 $1 (23. Bc1 Rfb8 24. Bxb2 Qxb2 $17) 23... Rxa3 (23... gxf5 $11 24. e3 Rab8 25. Qxf5 Qc3 (25... Qxa3 26. Be4 Qa1+ 27. Rf1 Rfc8 28. Bh6)) 24. Nxe7+ $14 Kg7 25. Qe4 (25. Bxd6 $2 Ra1 $19) (25. Rf1 $1 $14) 25... Ra4 {[%emt 0:02:47] [#]} (25... Bd4 $11 {remains equal.} 26. Bxd6 Qd1+ 27. Bf1 f6) 26. Nf5+ ({Only move:} 26. Qf3 $1 $16 Ra1+ 27. Bf1 Qxf3 28. Rxf3) 26... gxf5 $15 27. Qe7 (27. Qxf5 $15 Ra1+ 28. Bf1) 27... Ra1+ $17 28. Bf1 Raa8 (28... Qxd5 $17 {White must now prevent ...Qe6.} 29. e4 Qxe4 30. Qxe4 (30. Qg5+ $2 Kh8 $19) 30... fxe4 31. Rxb2 d5 32. Be5+ Kg8) 29. e3 $11 Bf6 (29... Be5 $11 30. Bxe5+ dxe5 31. Qg5+ Kh8 32. Qf6+ Kg8 33. Qg5+ Kh8 34. Qf6+ Kg8) 30. Qxd6 ({Better is} 30. Bh6+ $1 $16 Kg6 (30... Kxh6 31. Qxf6+ Kh5 32. Be2#) 31. Qxd6) 30... Rfd8 $2 {[%emt 0:00:45][%mdl 8192] [#]} (30... Rg8 $14) 31. Bh6+ $1 $18 Kg6 32. Qf4 Qxd5 {[%emt 0:00:54] [#]} 33. g4 $2 (33. h4 $1 $18 {[%cal Rh4h5] White wants to mate with h5+!} Ra2 34. h5+ Kxh5 35. Rxa2 (35. Qxf5+ $2 Qxf5 36. Rxf5+ Kg6 $19) 35... Qxa2 36. Qxf5+ Kxh6 37. Qxf6+ Kh5 38. Qxd8) 33... Ra1 $11 34. Rf3 $1 ({Don't go for} 34. e4 $2 Rxf1+ (34... Qxe4 $2 {is the wrong capture.} 35. gxf5+ Kh5 36. Qxe4 $18) 35. Rxf1 Bd4+ (35... fxe4 36. Qxf6#) 36. Kg2 Qxe4+ (36... fxe4 $2 37. h4 $19) 37. Qxe4 fxe4 $19) 34... Rg8 (34... Qxf3 $1 $15 35. Qxf3 fxg4 (35... Kxh6 36. Qxf5 Kg7 37. g5 $11) 36. Qxg4+ Kxh6) 35. Rg3 $11 Rxf1+ 36. Kxf1 Qd3+ 37. Kg1 Qb1+ 38. Kf2 Qc2+ 39. Kg1 Qb1+ 40. Kf2 Qc2+ 1/2-1/2

[Event "17th Paracin Open 2024"]
[Site "Paracin"]
[Date "2024.07.06"]
[Round "4.7"]
[White "Damjanovic, Vuk"]
[Black "Fernandez, Daniel Howard"]
[Result "0-1"]
[ECO "A46"]
[WhiteElo "2361"]
[BlackElo "2526"]
[Annotator "TA"]
[PlyCount "98"]
[EventDate "2024.07.02"]
[EventType "swiss"]
[EventCountry "SRB"]
[SourceTitle "playchess.com"]
[Source "ChessBase"]
[SourceQuality "1"]
[TimeControl "5400+30"]

1. d4 a6 2. g3 e6 3. Bg2 c5 4. Nf3 Nf6 5. O-O Nc6 6. c4 b5 (6... d5 $14) 7. d5 Na5 8. cxb5 (8. dxe6 $16 fxe6 9. Ng5) 8... Nxd5 $11 9. e4 Nc7 (9... Nb6 $11) 10. bxa6 (10. b6 $14 Nb5 11. Be3 (11. a4 Nd6 $14)) 10... Bxa6 11. Re1 d6 12. Nc3 {[%emt 0:01:17] aiming for Qa4+.} Nc6 13. b3 Be7 14. Bb2 O-O 15. h4 Nb5 16. Nxb5 Bxb5 17. Bf1 Bxf1 18. Rxf1 Ra6 19. h5 Qa8 20. a3 f5 21. exf5 Rxf5 22. Qe2 Nd8 23. Nd2 d5 24. Rae1 Bf6 (24... Qb7 {seems wilder.} 25. a4 c4 26. h6 gxh6 27. Rb1 cxb3 28. Bd4 Rxa4 29. Nxb3 Qd7) 25. Bxf6 Rxf6 26. Rc1 Rc6 27. a4 Nf7 28. f4 Nd6 29. g4 {[%emt 0:01:24] Wards off Nf5} h6 30. Qe5 (30. g5 $11 hxg5 31. fxg5 Rxf1+ 32. Rxf1) 30... Qb7 $15 31. Qc3 c4 32. Kh2 Qa7 33. Qe5 (33. Kg2 $15) 33... Nf7 $36 {[%emt 0:01:02][%mdl 2048] Black is really pushing.} 34. Qc3 {[%emt 0:00:43][%cal Rb3c4] [#]} e5 $1 35. bxc4 Rxf4 {[%emt 0:00:21] Black is more active.} ({Better is} 35... exf4 36. Rce1 Rc8 (36... Qxa4 $2 37. Re8+ Kh7 38. Ra1 $18)) 36. Rxf4 $17 exf4 37. Qf3 {[%emt 0:00:40] Prevents Qf2+} Qe3 ({Don't do} 37... Qxa4 38. Rb1 Rc8 (38... dxc4 $2 {perishes.} 39. Rb8+ Kh7 40. Qe4+ g6 41. Qe8 $18) 39. Qxf4 $15) (37... Qd4 $17 38. Qe2 Ng5 39. cxd5 f3 (39... Rxc1 40. Qe8+ Kh7 41. Qg6+ Kh8 42. Qe8+ Kh7 43. Qg6+ Kh8 44. Qe8+ Kh7 $11) 40. Qe8+ Kh7) 38. Rc2 (38. Qxe3 $1 $11 {and White has nothing to worry.} fxe3 39. Nf3) 38... Ng5 $19 39. Qxe3 fxe3 {[%emt 0:00:09][%mdl 4096] Endgame. KRN-KRN} 40. Nb3 dxc4 (40... Rxc4 41. Rxc4 dxc4 42. Nc1 $16) 41. Nc1 {[%emt 0:00:13] [#]} Nf3+ $1 42. Kg3 Nd4 43. Rc3 e2 44. Re3 c3 {[%emt 0:00:15] Hoping for ...c2.} 45. a5 c2 {[%emt 0:00:14][%cal Oc6c3] ( -> ...Rc3!)} 46. Re4 Rf6 {[%emt 0:00:46] Black mates.} 47. Kg2 Rf1 48. Re8+ Kh7 49. Rxe2 Rxc1 {[%emt 0:00:30] Weighted Error Value: White=0.59/Black=0.15 (very precise) .  Loses game:     	White=1     	---        Mistake:       	White=4     	Black=4      Inaccurate:     	White=5     	Black=6      OK:         	White=12    	Black=9      Best:        	White=1     	Black=3} 0-1

[Event "17th Paracin Open 2024"]
[Site "Paracin"]
[Date "2024.07.06"]
[Round "4.8"]
[White "Kushagra Mohan"]
[Black "Bhattacharyya Soham"]
[Result "1-0"]
[ECO "B12"]
[WhiteElo "2367"]
[BlackElo "2477"]
[Annotator "TA"]
[PlyCount "93"]
[EventDate "2024.07.02"]
[EventType "swiss"]
[EventCountry "SRB"]
[SourceTitle "playchess.com"]
[Source "ChessBase"]
[SourceQuality "1"]
[TimeControl "5400+30"]

1. e4 c6 2. d4 d5 3. e5 Bf5 4. Nf3 e6 5. Be2 Nd7 6. O-O Ne7 {[%emt 0:00:31] 6...a5 is the hot move.} 7. c3 h6 8. Na3 Bh7 {[%emt 0:03:05] B12: Caro-Kann: Advance Variation.} 9. Nc2 c5 10. a3 $146 ({Predecessor:} 10. dxc5 Nxc5 11. Ncd4 a6 12. Be3 Ng6 13. c4 dxc4 14. Bxc4 Be7 15. Nb3 Qxd1 16. Rfxd1 {0-1 Saric,I (2657)-Carlsen,M (2835) Zagreb SuperUnited Blitz 2023 (13)}) 10... a5 11. dxc5 Nc6 12. b4 Bxc2 13. Qxc2 axb4 14. cxb4 Nxb4 15. axb4 Rxa1 16. Nd4 Be7 (16... Nxe5 $2 17. Qb2 Ra8 18. Nxe6 fxe6 19. Qxe5 $18) (16... Qc8 $14) 17. Nxe6 $1 $16 fxe6 18. Qg6+ Kf8 19. Qxe6 Nxe5 $2 (19... Bxc5 $16 {was called for.} 20. bxc5 Nxc5 21. Qf5+ Kg8) 20. Qxe5 $18 Bf6 {[%emt 0:00:07] [#]} 21. Qf5 $1 h5 22. Bf3 (22. Bxh5 Rxh5 23. Qxh5 Qd7 $18) 22... d4 (22... Qe8 $142 23. Bxd5 (23. Qxd5 g5 $18) 23... Qe5 24. Qc8+ Qe8 25. Qxb7 Qe7 26. Qb8+ Qe8) 23. Bxb7 (23. Bxh5 Rxh5 24. Qxh5 d3 $16) (23. Bf4 $142 {Intending Bd6+ and mate.} Rxf1+ 24. Kxf1) 23... d3 (23... Qe8 $142 24. c6 Kf7) 24. Bd5 $18 g5 25. Qxd3 Kg7 26. g3 (26. h4 $142) 26... h4 (26... Re8 $142 27. Be3 Rxf1+ 28. Kxf1 Re5) 27. Be3 Rxf1+ 28. Kxf1 Qd7 29. Be4 Qa4 $2 (29... Qh3+ {is more resistant.} 30. Bg2 Qe6) 30. Bd4 $18 Rf8 31. Qd2 Kh6 (31... Qa6+ $142 32. Bd3 Qe6 33. Qxg5+ Kf7 34. Qxf6+ Qxf6 35. Bxf6 Kxf6 36. gxh4 Rh8) 32. Bxf6 $18 Qa6+ 33. Bd3 Qxf6 34. gxh4 Qa1+ 35. Qe1 Qd4 36. hxg5+ (36. Qe6+ $142 Rf6 37. hxg5+ Kxg5 38. Qg8+ Kh6 39. Qh7+ Kg5 40. Qg7+ Kh4 41. Qg3+ Kh5 42. h4) 36... Kg7 $18 37. Qe2 Qf4 (37... Re8 $142) 38. Qb2+ $18 Kf7 39. g6+ ({Less strong is} 39. Qf6+ Qxf6 40. gxf6 Kxf6 $18) 39... Kg8 40. b5 Qg4 41. Qa2+ Kh8 42. Qe2 Qg5 43. Qb2+ Rf6 44. b6 (44. Qd4 $142 Qc1+ 45. Ke2 Kg7 46. b6 Kg8 47. Qd8+ (47. Qxf6 Qe1+ 48. Kxe1 $11) 47... Rf8 48. Qd5+ Kg7 49. Qd4+ Kg8 50. Bc4+ Qxc4+ 51. Qxc4+ Kg7 52. Qe6) 44... Qh4 45. b7 Qh3+ 46. Ke1 Qe6+ 47. Be2 1-0

[Event "17th Paracin Open 2024"]
[Site "Paracin"]
[Date "2024.07.06"]
[Round "4.9"]
[White "Prohaszka, Peter"]
[Black "Tippa, Aswath Srisai"]
[Result "1/2-1/2"]
[ECO "D35"]
[WhiteElo "2577"]
[BlackElo "1647"]
[Annotator "TA"]
[PlyCount "114"]
[EventDate "2024.07.02"]
[EventType "swiss"]
[EventCountry "SRB"]
[SourceTitle "playchess.com"]
[Source "ChessBase"]
[SourceQuality "1"]
[TimeControl "5400+30"]

1. d4 d5 2. c4 e6 3. Nc3 Nf6 4. cxd5 exd5 5. Bg5 Bb4 6. e3 h6 7. Bh4 g5 8. Bg3 Ne4 9. Qc2 h5 10. f3 Nxg3 11. hxg3 Nc6 12. a3 Bxc3+ 13. Qxc3 Qd6 {[%emt 0:00:08] [#]} 14. g4 h4 (14... Qg3+ 15. Kd1) 15. O-O-O Bd7 16. Nh3 f6 17. Bd3 O-O-O 18. Rhe1 Kb8 19. Kb1 Ne7 20. Rc1 c6 21. b4 Rhg8 22. Qc5 Qxc5 23. bxc5 f5 24. Nf2 fxg4 25. Nxg4 Bxg4 26. fxg4 Rgf8 27. Rf1 Ng8 28. Kc2 Rf6 29. Rf3 Rdf8 30. Rcf1 b6 31. Kd2 $1 Kc7 32. Ke2 Rxf3 33. gxf3 bxc5 34. dxc5 $11 {[%emt 0:00:01][%mdl 4096] Endgame. KRB-KRN} Nh6 35. Rh1 Rb8 36. f4 Nxg4 {[%emt 0:01:33] Strongly threatening ...Rb2+.} 37. Kf3 ({Stronger than} 37. fxg5 Rb2+ 38. Kf1 Nxe3+ (38... Nf2 $2 39. Rh2 $18) 39. Ke1 Ng2+ 40. Kd1 Kd8 $17) 37... Nf6 38. fxg5 Nd7 {[%emt 0:00:28] And now ...Ne5+ would win.} 39. Bh7 (39. Kf4 $14 Nxc5 40. Bf5) 39... Nxc5 40. Rxh4 {[%emt 0:00:54] Hoping for Bf5.} Ne6 41. Kg4 Rb3 42. Bf5 (42. e4 $5) 42... Rxe3 {[%emt 0:01:54][%mdl 8192] [#]} (42... Nxg5 $1 $11 {and Black is okay.} 43. Kxg5 Rxe3) 43. Bxe6 $1 $18 Rxe6 $11 {[%emt 0:00:01] KR-KR} 44. Kf5 {[%emt 0:00:09] Dodges Re4} Re8 (44... Re7 $142 45. g6 Kd6) 45. g6 $18 {[%emt 0:00:03] aiming for g7.} c5 46. g7 {[%emt 0:00:43] White threatens Rh8 and mate.} Rg8 47. Ke6 $2 ({White should try} 47. Kg6 $18 {Rh8 is the strong threat.} d4 48. a4 (48. Rh8 Rxg7+ 49. Kxg7 d3 $18)) 47... Rxg7 $11 {[%emt 0:03:03] The position is equal.} 48. Kxd5 Kb6 49. Kc4 $1 Rg6 50. Rf4 a6 51. Rh4 Rc6 52. Rh5 Rg6 53. Rh4 Rg3 54. Rh6+ Ka5 55. Kxc5 Rc3+ 56. Kd4 Rxa3 57. Kc4 Rg3 {[%emt 0:00:26] Black escapes into a draw.   Weighted Error Value: White=0.20 (precise) /Black=0.14 (very precise) .  Loses game:     	---       	Black=1      Mistake:       	White=1     	Black=1      Inaccurate:     	White=2     	Black=2      OK:         	White=18    	Black=16     Best:        	White=2     	---        Strong:       	White=3     	---} 1/2-1/2

[Event "17th Paracin Open 2024"]
[Site "Paracin"]
[Date "2024.07.06"]
[Round "4.10"]
[White "Arnav Maheshwari"]
[Black "Sasikiran, Krishnan"]
[Result "1/2-1/2"]
[ECO "A62"]
[WhiteElo "2290"]
[BlackElo "2581"]
[Annotator "TA"]
[PlyCount "64"]
[EventDate "2024.07.02"]
[EventType "swiss"]
[EventCountry "SRB"]
[SourceTitle "playchess.com"]
[Source "ChessBase"]
[SourceQuality "1"]
[TimeControl "5400+30"]

1. d4 Nf6 2. c4 e6 3. g3 c5 4. d5 exd5 5. cxd5 d6 6. Nc3 g6 7. Bg2 Bg7 8. Nf3 O-O 9. O-O Re8 10. Nd2 b6 11. a4 Na6 12. Nc4 Nc7 13. Bf4 Bf8 14. e4 Ba6 15. Qb3 {[%emt 0:00:30] White is more active.} Bxc4 16. Qxc4 {[%emt 0:00:11] White is slightly better.} Nd7 17. Nb5 Ne5 18. Bxe5 (18. Qe2 $5) 18... dxe5 {[%emt 0:03:45] Black is weak on the light squares} 19. Nxc7 Qxc7 20. b4 Bd6 21. b5 h5 22. Rfc1 h4 23. a5 Kg7 24. axb6 axb6 25. Ra6 Rab8 26. Rca1 Rb7 27. Ra8 ({Of course not} 27. gxh4 Rh8 $15) 27... Rxa8 {[%emt 0:03:50] The position is equal.} 28. Rxa8 Ra7 29. Rxa7 Qxa7 30. Bf1 Qa3 31. Kg2 Qb2 32. Qe2 Qxe2 {[%emt 0:04:20] Weighted Error Value: White=0.12 (very precise) /Black=0.08 (flawless) .  Inaccurate:     	White=4     	Black=2      OK:         	White=5     	Black=7} 1/2-1/2

[Event "17th Paracin Open 2024"]
[Site "Paracin"]
[Date "2024.07.06"]
[Round "4.11"]
[White "Manish Anto Cristiano F"]
[Black "Djukic, Nikola"]
[Result "1/2-1/2"]
[ECO "B69"]
[WhiteElo "2307"]
[BlackElo "2532"]
[Annotator "TA"]
[PlyCount "60"]
[EventDate "2024.07.02"]
[EventType "swiss"]
[EventCountry "SRB"]
[SourceTitle "playchess.com"]
[Source "ChessBase"]
[SourceQuality "1"]
[TimeControl "5400+30"]

1. e4 c5 2. Nf3 d6 3. d4 cxd4 4. Nxd4 Nf6 5. Nc3 Nc6 6. Bg5 e6 7. Qd2 a6 8. O-O-O Bd7 9. f4 Be7 10. Nf3 b5 11. Bxf6 gxf6 12. f5 Qb6 13. g3 O-O-O (13... Rc8 $11) 14. Bh3 Kb8 15. Kb1 Na5 16. fxe6 fxe6 17. Nd4 b4 $1 18. Nce2 e5 (18... Nc4 19. Qd3 d5 20. exd5 exd5 21. Bxd7 Rxd7 22. Nf4 $14) 19. Bxd7 Rxd7 20. Nf5 Nc4 21. Qd3 Rc8 22. Rhf1 Bf8 23. Ka1 Qb5 (23... a5 $11) 24. b3 $14 Nb6 25. c4 (25. Ne3 $14 Bh6 26. Kb1 (26. Rxf6 Qxd3 27. Rxd3 Bxe3 $17)) 25... bxc3 $11 {[%emt 0:00:46] The position is equal.} 26. Nxc3 {[%emt 0:00:12] Excellent horsemanship.} Qa5 27. Nd5 Nxd5 28. Qxd5 Qc3+ 29. Kb1 {[%emt 0:00:16] [#] Strongly threatening Rc1.} Qc2+ 30. Ka1 {[%emt 0:00:07] Active counter play!} Qc3+ {[%emt 0:00:06] Weighted Error Value: White=0.15 (very precise) /Black=0.09 (flawless) .  Mistake:       	White=1     	Black=1      Inaccurate:     	White=2     	---        OK:         	White=5     	Black=8      Best:        	---       	Black=3      Strong:       	---       	Black=1} 1/2-1/2